AoeStats
← [GG] Shevchenko 7

Lombardia

508149968Analyzed
4v4 RM · 12d ago on Sep 21, 2026· 68m 13s· 8 players
Game mode
Random Map
Map size
Large (8 player)
Population
200
Speed
Normal
Resources
Standard
Victory
Conquest
Starting age
Dark Age
Ending age
Imperial Age
RankedLock teamsTeams togetherTeam positionsShared explorationLock speedFull tech treeHidden civsTurbo modeCheats
Victory
Defeat
🇲🇽 Romans · Mexico
1092
+12
🇲🇽 Georgians · Mexico
1052
+14
🇲🇽 Khmer · Mexico
1037
+14
🇪🇨 Spanish · Ecuador
1035
+14
1051
-15
🇧🇷 Malians · Brazil
1023
-14
🇧🇷 Franks · Brazil
976
-13
🇧🇷 Slavs · Brazil
951
-12
SlappyGJ
0:44 Loom
12:42 Feudal Age
15:12 Wheelbarrow
18:44 Castle Age
19:17 Pikeman
19:58 Horse Collar
21:22 Squires
30:44 Ballistics
31:10 Fletching
32:45 Hand Cart
32:50 Ballistas
33:37 Double-Bit Axe
34:33 Gold Mining
35:20 Heavy Plow
36:49 Bow Saw
41:46 Imperial Age
42:06 Heavy Scorpion
43:52 Chemistry
42:30 Halberdier
43:19 Scale Mail Armor
44:20 Gold Shaft Mining
44:49 Capped Ram
45:41 Siege Ram
46:57 Fortified Wall
46:42 Murder Holes
46:58 Town Watch
48:53 Forging
48:59 Chain Mail Armor
50:48 Iron Casting
57:42 Crop Rotation
Pato
11:41 Feudal Age
10:47 Loom
10:56 Loom
13:08 Town Watch
15:32 Castle Age
13:26 Double-Bit Axe
13:40 Horse Collar
16:15 Gold Mining
16:16 Stone Mining
16:25 Stone Mining
17:16 Wheelbarrow
23:20 Heavy Plow
31:30 Imperial Age
30:21 Hand Cart
31:01 Bloodlines
30:51 Husbandry
31:40 Forging
31:35 Scale Barding Armor
31:31 Cavalier
34:19 Bow Saw
35:28 Chemistry
35:27 Town Patrol
35:51 Paladin
37:41 Iron Casting
37:27 Chain Barding Armor
39:22 Blast Furnace
40:09 Plate Barding Armor
40:10 Conscription
43:43 Light Cavalry
44:25 Scale Mail Armor
44:17 Fletching
44:28 Padded Archer Armor
47:08 Bodkin Arrow
47:28 Leather Archer Armor
47:37 Elite Conquistador
48:22 Squires
48:07 Arson
48:27 Pikeman
53:11 Halberdier
54:13 Hussar
55:01 Bracer
55:31 Ring Archer Armor
55:40 Gambesons
57:09 Caravan
danny dillinger
11:32 Feudal Age
16:21 Horse Collar
19:49 Castle Age
18:54 Scale Mail Armor
21:56 Loom
21:48 Light Cavalry
22:39 Bloodlines
24:06 Double-Bit Axe
26:31 Forging
27:15 Gold Mining
29:01 Fervor
32:57 Imperial Age
31:53 Fletching
32:26 Devotion
34:57 Iron Casting
34:27 Scale Barding Armor
35:00 Padded Archer Armor
34:55 Bodkin Arrow
37:37 Man-at-Arms
37:38 Pikeman
38:04 Gambesons
38:19 Squires
38:05 Arson
38:31 Aznauri Cavalry
38:34 Svan Towers
40:01 Bracer
40:17 Leather Archer Armor
40:16 Town Watch
40:34 Elite Skirmisher
40:34 Crossbowman
41:42 Parthian Tactics
43:30 Wheelbarrow
42:49 Cavalier
43:30 Husbandry
43:56 Conscription
45:32 Heavy Cavalry Archer
49:49 Block Printing
54:42 Sanctity
55:14 Halberdier
56:34 Chain Mail Armor
56:41 Chain Barding Armor
57:21 Blast Furnace
61:25 Elite Monaspa
[SotC] Jugg
10:15 Feudal Age
13:58 Castle Age
12:37 Horse Collar
16:19 Loom
17:37 Double-Bit Axe
18:59 Bow Saw
23:17 Heavy Plow
25:02 Bloodlines
24:52 Husbandry
25:54 Gold Mining
25:54 Stone Mining
28:03 Wheelbarrow
28:22 Wheelbarrow
31:00 Imperial Age
29:38 Hand Cart
30:37 Ballistics
30:34 Husbandry
31:13 Forging
31:08 Scale Barding Armor
30:44 Pikeman
31:11 Arson
32:35 Double Crossbow
32:56 Conscription
33:30 Iron Casting
33:15 Chain Barding Armor
33:58 Chemistry
34:26 Heavy Scorpion
37:40 Capped Ram
39:40 Blast Furnace
39:15 Plate Barding Armor
38:31 Fletching
40:18 Siege Ram
41:07 Halberdier
43:34 Light Cavalry
44:44 Hussar
45:39 Caravan
46:10 Coinage
[GG] Raúl González Blanco
9:36 Feudal Age
14:40 Bloodlines
18:39 Castle Age
22:04 Loom
22:06 Town Watch
28:49 Double-Bit Axe
28:52 Horse Collar
30:06 Town Patrol
30:44 Wheelbarrow
31:11 Husbandry
32:17 Fletching
32:29 Padded Archer Armor
32:34 Scale Barding Armor
36:24 Imperial Age
34:10 Heavy Plow
34:31 Kamandaran
35:45 Bodkin Arrow
36:12 Chain Barding Armor
36:03 Forging
35:17 Crossbowman
36:02 Thumb Ring
35:19 Pikeman
37:46 Chemistry
36:55 Thumb Ring
37:24 Bow Saw
37:50 Crop Rotation
38:17 Hand Cart
41:19 Cavalier
41:21 Light Cavalry
43:36 Squires
43:22 Arson
47:08 Halberdier
49:10 Two-Man Saw
52:32 Leather Archer Armor
52:52 Plate Barding Armor
52:53 Iron Casting
52:19 Scale Mail Armor
[GG] Shevchenko 7
10:59 Feudal Age
9:16 Loom
13:42 Double-Bit Axe
21:35 Castle Age
19:44 Scale Barding Armor
23:18 Wheelbarrow
23:24 Chain Barding Armor
23:15 Forging
24:29 Hand Cart
25:04 Husbandry
25:10 Scale Mail Armor
25:45 Bow Saw
28:06 Iron Casting
29:56 Gold Mining
31:06 Chain Mail Armor
32:53 Fletching
33:52 Town Watch
34:22 Bodkin Arrow
39:33 Imperial Age
37:22 Light Cavalry
40:26 Cavalier
41:06 Pikeman
41:47 Squires
41:34 Arson
42:52 Blast Furnace
42:28 Plate Barding Armor
42:23 Plate Mail Armor
41:54 Padded Archer Armor
42:40 Paladin
[GG] Trezeguet
3:49 Loom
9:45 Feudal Age
11:41 Double-Bit Axe
17:38 Castle Age
16:07 Bloodlines
16:00 Scale Mail Armor
23:32 Horse Collar
25:22 Bow Saw
25:30 Heavy Plow
25:59 Gold Mining
29:07 Pikeman
29:48 Squires
30:02 Forging
31:52 Chain Mail Armor
32:54 Iron Casting
33:27 Scale Barding Armor
33:48 Husbandry
33:08 Light Cavalry
37:51 Imperial Age
35:58 Wheelbarrow
37:09 Ballistics
37:31 Masonry
37:01 Treadmill Crane
37:18 Murder Holes
39:32 Chemistry
39:13 Hand Cart
42:18 Plate Mail Armor
42:14 Cavalier
[GG] Ibrahimovic
5:14 Loom
11:43 Feudal Age
12:49 Double-Bit Axe
12:47 Horse Collar
16:20 Town Watch
23:01 Castle Age
21:38 Wheelbarrow
20:56 Gold Mining
21:38 Man-at-Arms
22:38 Forging
22:30 Scale Mail Armor
22:31 Padded Archer Armor
24:32 Iron Casting
24:19 Heavy Plow
24:51 Bow Saw
24:37 Long Swordsman
25:25 Squires
25:44 Pikeman
28:35 Hand Cart
30:46 Masonry
31:00 Ballistics
30:52 Fortified Wall
30:39 Murder Holes
31:37 Town Patrol
37:12 Imperial Age
35:26 Chain Mail Armor
35:09 Fletching
38:39 Halberdier
39:29 Two-Handed Swordsman
41:36 Plate Mail Armor
41:07 Capped Ram
44:56 Hoardings
46:12 Onager
48:36 Two-Man Saw
51:44 Conscription
53:03 Druzhina
56:29 Caravan
60:47 Champion
60:50 Elite Boyar
62:38 Crop Rotation
Connection lost

Rejoining the realm…

Still unreachable

The connection could not be restored.

Session expired

The server has moved on; the page needs a fresh start.